% Time on Ice - KANSAS CITY KILLERBEES
Lines # - Real PCT - Wanted PCT - Time Play
Normal Forward
1 - 31% - 33% - 14:15
2 - 32% - 32% - 14:50
3 - 24% - 27% - 10:55
4 - 14% - 8% - 6:23
Normal Defense
1 - 33% - 33% - 15:06
2 - 33% - 33% - 15:11
3 - 35% - 33% - 16:06
4 - 0% - 1% - 0:00
PP Forward
1 - 52% - 55% - 6:04
2 - 48% - 45% - 5:34
PP Defense
1 - 44% - 50% - 5:08
2 - 56% - 50% - 6:30
PK Forward
1 - 66% - 55% - 1:19
2 - 34% - 45% - 0:40
PK Defense
1 - 43% - 50% - 0:51
2 - 57% - 50% - 1:08
PK3 Forward
1 - 0% - 55%
2 - 0% - 45%
PK3 Defense
1 - 0% - 50%
2 - 0% - 50%
44 Forward
1 - 0% - 55%
2 - 0% - 45%
44 Defense
1 - 0% - 50%
2 - 0% - 50%
Last Minute Offensive  - 0:00
Last Minute Defensive  - 0:00
Total
Forward - 60:00
Defense - 60:00
% Time on Ice - UTAH ICE BEARS
Lines # - Real PCT - Wanted PCT - Time Play
Normal Forward
1 - 28% - 32% - 12:58
2 - 31% - 30% - 14:22
3 - 26% - 21% - 12:16
4 - 15% - 17% - 6:47
Normal Defense
1 - 38% - 35% - 17:25
2 - 32% - 33% - 14:58
3 - 30% - 29% - 14:00
4 - 0% - 3% - 0:00
PP Forward
1 - 52% - 55% - 1:02
2 - 48% - 45% - 0:57
PP Defense
1 - 52% - 53% - 1:02
2 - 48% - 47% - 0:57
PK Forward
1 - 64% - 55% - 6:47
2 - 36% - 45% - 3:45
PK Defense
1 - 57% - 55% - 5:58
2 - 43% - 45% - 4:34
PK3 Forward
1 - 59% - 55% - 0:39
2 - 41% - 45% - 0:27
PK3 Defense
1 - 62% - 55% - 0:41
2 - 38% - 45% - 0:25
44 Forward
1 - 0% - 50%
2 - 0% - 50%
44 Defense
1 - 0% - 55%
2 - 0% - 45%
Last Minute Offensive  - 0:00
Last Minute Defensive  - 0:00
Total
Forward - 60:00
Defense - 60:00
Play-by-Play 1st period 0:01 of 1st period - Artem Anisimov wins face-off versus Charlie Coyle in neutral zone. 0:24 of 1st period - Shot by Mark Stone. 0:24 of 1st period - Stopped by Connor Ingram without a rebound. 0:25 of 1st period - Artturi Lehkonen wins face-off versus Alex Galchenyuk in UTAH ICE BEARS zone. 0:40 of 1st period - Artturi Lehkonen is hit by Zach Hyman and loses puck. 1:06 of 1st period - Off-side. 1:07 of 1st period - Ryan Kesler wins face-off versus Casey Mittelstadt in neutral zone. 1:12 of 1st period - Shot by Ryan Kesler. 1:12 of 1st period - Stopped by Connor Ingram without a rebound. 1:13 of 1st period - Ryan Kesler wins face-off versus Jake Guentzel in UTAH ICE BEARS zone. 1:24 of 1st period - Shot by Ryan Kesler. 1:24 of 1st period - Shot Blocked by Troy Stecher. 1:25 of 1st period - Minor Penalty to MacKenzie Weegar for High sticking. 1:26 of 1st period - Charlie Coyle wins face-off versus Artem Anisimov in UTAH ICE BEARS zone. 1:33 of 1st period - Shot by Alexander DeBrincat. 1:33 of 1st period - Stopped by Connor Ingram without a rebound. 1:34 of 1st period - Charlie Coyle wins face-off versus Artem Anisimov in UTAH ICE BEARS zone. 2:18 of 1st period - Minor Penalty to Andrew Mangiapane for Unsportsmanlike conduct. 2:19 of 1st period - William Nylander wins face-off versus Brandon Pirri in UTAH ICE BEARS zone. 2:27 of 1st period - Shot by Jacob Muzzin. 2:27 of 1st period - Stopped by Connor Ingram without a rebound. 2:28 of 1st period - Zach Hyman wins face-off versus Peter Cehlarik in UTAH ICE BEARS zone. 2:40 of 1st period - Off-side. 2:41 of 1st period - Charlie Coyle wins face-off versus Brandon Pirri in neutral zone. 3:07 of 1st period - Shot by Mark Stone. 3:07 of 1st period - Stopped by Connor Ingram without a rebound. 3:08 of 1st period - William Nylander wins face-off versus Brandon Pirri in UTAH ICE BEARS zone. 3:13 of 1st period - Shot by Peter Cehlarik. 3:13 of 1st period - Stopped by Connor Ingram without a rebound. 3:14 of 1st period - Zach Hyman wins face-off versus Mattias Janmark in UTAH ICE BEARS zone. 3:30 of 1st period - Icing by Cam Fowler. 3:31 of 1st period - Mattias Janmark wins face-off versus Rudolfs Balcers in KANSAS CITY KILLERBEES zone. 3:31 of 1st period - William Nylander is hit by Brandon Pirri and loses puck. 4:05 of 1st period - Shot by Cam Fowler. 4:05 of 1st period - Shot Misses the Net. 4:23 of 1st period - Shot by Greg McKegg. 4:23 of 1st period - Stopped by Connor Ingram with a rebound. 4:37 of 1st period - Shot by Jake Guentzel. 4:37 of 1st period - Shot Blocked by Colin Miller. 4:40 of 1st period - Icing by Kyle Brodziak. 4:41 of 1st period - Alex Galchenyuk wins face-off versus Kyle Brodziak in KANSAS CITY KILLERBEES zone. 4:52 of 1st period - Shot by Alex Galchenyuk. 4:52 of 1st period - Stopped by John Gibson without a rebound. 4:53 of 1st period - Artem Anisimov wins face-off versus Charlie Coyle in KANSAS CITY KILLERBEES zone. 4:53 of 1st period - Mats Zuccarello is hit by Jacob Muzzin and loses puck. 5:06 of 1st period - Minor Penalty to Mark Stone for Hooking. 5:07 of 1st period - Ryan Kesler wins face-off versus Alex Galchenyuk in KANSAS CITY KILLERBEES zone. 5:27 of 1st period - Icing by Mats Zuccarello. 5:28 of 1st period - Alex Galchenyuk wins face-off versus Ryan Kesler in UTAH ICE BEARS zone. 6:39 of 1st period - Shot by Zach Hyman. 6:39 of 1st period - Stopped by John Gibson without a rebound. 6:40 of 1st period - Artem Anisimov wins face-off versus Ryan Kesler in KANSAS CITY KILLERBEES zone. 7:31 of 1st period - Shot by Alexander DeBrincat. 7:31 of 1st period - Shot Misses the Net. 7:33 of 1st period - Shot by Colin Miller. 7:33 of 1st period - Shot Hit the Post. 7:48 of 1st period - Shot by Charlie Coyle. 7:48 of 1st period - Stopped by Connor Ingram with a rebound. 7:50 of 1st period - Shot by Mark Stone. 7:50 of 1st period - Stopped by Connor Ingram without a rebound. 7:51 of 1st period - Kyle Brodziak wins face-off versus Jake Guentzel in UTAH ICE BEARS zone. 7:58 of 1st period - Shot by Jacob de la Rose. 7:58 of 1st period - Stopped by Connor Ingram without a rebound. 7:59 of 1st period - Artem Anisimov wins face-off versus Denis Malgin in UTAH ICE BEARS zone. 8:03 of 1st period - Icing by Mats Zuccarello. 8:04 of 1st period - Ryan Kesler wins face-off versus Artem Anisimov in UTAH ICE BEARS zone. 8:09 of 1st period - Shot by Ryan Kesler. 8:09 of 1st period - Shot Misses the Net. 8:17 of 1st period - Shot by Ryan Kesler. 8:17 of 1st period - Stopped by Connor Ingram without a rebound. 8:18 of 1st period - Denis Malgin wins face-off versus Alex Galchenyuk in UTAH ICE BEARS zone. 9:26 of 1st period - Shot by Jake Guentzel. 9:26 of 1st period - Stopped by John Gibson without a rebound. 9:27 of 1st period - Ryan Kesler wins face-off versus Casey Mittelstadt in KANSAS CITY KILLERBEES zone. 10:08 of 1st period - Shot by Ryan Kesler. 10:08 of 1st period - Stopped by Connor Ingram without a rebound. 10:09 of 1st period - Artem Anisimov wins face-off versus Charlie Coyle in UTAH ICE BEARS zone. 10:40 of 1st period - Mark Stone is hit by Kevin Shattenkirk and loses puck. 10:47 of 1st period - Colin Miller is hit by Jake Guentzel and loses puck. 11:52 of 1st period - Shot by Alex Galchenyuk. 11:52 of 1st period - Stopped by John Gibson without a rebound. 11:53 of 1st period - Casey Mittelstadt wins face-off versus Ryan Kesler in KANSAS CITY KILLERBEES zone. 12:10 of 1st period - Shot by Casey Mittelstadt. 12:10 of 1st period - Shot Blocked by Peter Cehlarik. 12:47 of 1st period - Icing by William Nylander. 12:48 of 1st period - Alex Galchenyuk wins face-off versus Denis Malgin in KANSAS CITY KILLERBEES zone. 13:04 of 1st period - Brandon Pirri is hit by Colin Miller. 13:08 of 1st period - Shot by Alex Galchenyuk. 13:08 of 1st period - Shot Hit the Post. 13:20 of 1st period - Shot by Zach Hyman. 13:20 of 1st period - Stopped by John Gibson with a rebound. 13:27 of 1st period - Brandon Pirri is hit by Colin Miller and loses puck. 13:45 of 1st period - Shot by Mats Zuccarello. 13:45 of 1st period - Deflect By Jake Guentzel. 13:45 of 1st period - Stopped by John Gibson with a rebound. 13:47 of 1st period - Shot by Jake Guentzel. 13:47 of 1st period - Shot Misses the Net. 13:49 of 1st period - Shot by Jake Guentzel. 13:49 of 1st period - Shot Misses the Net. 13:51 of 1st period - Shot by Kevin Shattenkirk. 13:51 of 1st period - Deflect By Jake Guentzel. 13:51 of 1st period - Stopped by John Gibson with a rebound. 13:53 of 1st period - Shot by Mats Zuccarello. 13:53 of 1st period - Goal by Mats Zuccarello - KANSAS CITY KILLERBEES : 0 - UTAH ICE BEARS : 1. 13:54 of 1st period - Charlie Coyle wins face-off versus Adam Mascherin in neutral zone. 14:38 of 1st period - Alexander DeBrincat is hit by Jack Johnson and loses puck. 14:46 of 1st period - Icing by T.J. Brodie. 14:47 of 1st period - Ryan Kesler wins face-off versus Jake Guentzel in UTAH ICE BEARS zone. 14:50 of 1st period - Shot by Mattias Janmark. 14:50 of 1st period - Stopped by Connor Ingram without a rebound. 14:51 of 1st period - Ryan Kesler wins face-off versus Alex Galchenyuk in UTAH ICE BEARS zone. 14:51 of 1st period - Ryan Kesler is hit by Dustin Byfuglien. 15:02 of 1st period - Peter Cehlarik is hit by Dustin Byfuglien and loses puck. 15:03 of 1st period - Minor Penalty to Dustin Byfuglien for Boarding. 15:04 of 1st period - Artem Anisimov wins face-off versus Mattias Janmark in UTAH ICE BEARS zone. 15:04 of 1st period - Zach Hyman is hit by Peter Cehlarik. 16:28 of 1st period - Shot by Charlie Coyle. 16:28 of 1st period - Stopped by Connor Ingram with a rebound. 16:30 of 1st period - Shot by Dylan DeMelo. 16:30 of 1st period - Stopped by Connor Ingram without a rebound. 16:31 of 1st period - Charlie Coyle wins face-off versus Brandon Pirri in UTAH ICE BEARS zone. 16:44 of 1st period - Shot by Alexander DeBrincat. 16:44 of 1st period - Shot Misses the Net. 16:46 of 1st period - Shot by Charlie Coyle. 16:46 of 1st period - Shot Blocked by Jack Johnson. 16:48 of 1st period - Shot by Dylan DeMelo. 16:48 of 1st period - Stopped by Connor Ingram without a rebound. 16:49 of 1st period - Mattias Janmark wins face-off versus Artem Anisimov in UTAH ICE BEARS zone. 17:09 of 1st period - Off-side. 17:10 of 1st period - Kyle Brodziak wins face-off versus Casey Mittelstadt in neutral zone. 17:22 of 1st period - Rudolfs Balcers is hit by Cam Fowler and loses puck. 17:35 of 1st period - Shot by Kyle Brodziak. 17:35 of 1st period - Stopped by Connor Ingram without a rebound. 17:36 of 1st period - Artem Anisimov wins face-off versus Charlie Coyle in UTAH ICE BEARS zone. 17:36 of 1st period - Artem Anisimov is hit by Charlie Coyle. 17:46 of 1st period - Shot by Jake Guentzel. 17:46 of 1st period - Stopped by John Gibson without a rebound. 17:47 of 1st period - Alex Galchenyuk wins face-off versus Denis Malgin in KANSAS CITY KILLERBEES zone. 18:06 of 1st period - Shot by Artturi Lehkonen. 18:06 of 1st period - Shot Misses the Net. 18:08 of 1st period - Shot by William Nylander. 18:08 of 1st period - Stopped by Connor Ingram with a rebound. 18:23 of 1st period - Icing by T.J. Brodie. 18:24 of 1st period - Alex Galchenyuk wins face-off versus Charlie Coyle in UTAH ICE BEARS zone. 19:03 of 1st period - Shot by Mark Stone. 19:03 of 1st period - Stopped by Connor Ingram without a rebound. 19:04 of 1st period - Ryan Kesler wins face-off versus Casey Mittelstadt in UTAH ICE BEARS zone. 19:39 of 1st period - Shot by Rudolfs Balcers. 19:39 of 1st period - Shot Misses the Net. Goals for this period are 0 for KANSAS CITY KILLERBEES vs 1 for UTAH ICE BEARS. Shots for this period are 19 for KANSAS CITY KILLERBEES vs 9 for UTAH ICE BEARS. 2nd period 0:01 of 2nd period - Charlie Coyle wins face-off versus Jake Guentzel in neutral zone. 0:32 of 2nd period - Shot by Mark Stone. 0:32 of 2nd period - Shot Misses the Net. 0:43 of 2nd period - Mark Stone is hit by Dustin Byfuglien and loses puck. 1:30 of 2nd period - Shot by William Nylander. 1:30 of 2nd period - Goal by William Nylander - KANSAS CITY KILLERBEES : 1 - UTAH ICE BEARS : 1. 1:31 of 2nd period - Ryan Kesler wins face-off versus Casey Mittelstadt in neutral zone. 1:40 of 2nd period - Shot by Rudolfs Balcers. 1:40 of 2nd period - Stopped by John Gibson without a rebound. 1:41 of 2nd period - Ryan Kesler wins face-off versus Alex Galchenyuk in KANSAS CITY KILLERBEES zone. 1:53 of 2nd period - Shot by Peter Cehlarik. 1:53 of 2nd period - Shot Blocked by Zach Hyman. 3:42 of 2nd period - Icing by Calvin De Haan. 3:43 of 2nd period - Casey Mittelstadt wins face-off versus Denis Malgin in KANSAS CITY KILLERBEES zone. 3:48 of 2nd period - Shot by Jack Johnson. 3:48 of 2nd period - Shot Hit the Post. 4:00 of 2nd period - William Nylander is hit by Jack Johnson. 4:09 of 2nd period - Artturi Lehkonen is hit by Jack Johnson and loses puck. 4:32 of 2nd period - Shot by Ryan Kesler. 4:32 of 2nd period - Stopped by Connor Ingram with a rebound. 4:52 of 2nd period - Shot by Jake Guentzel. 4:52 of 2nd period - Shot Misses the Net. 4:58 of 2nd period -